 Dungeon Crawl Stone Soup version 0.29-a0-520-gc852659d43 (webtiles) character file.

Game seed: 13899578737228505283

261 pakraka the Covered (level 5, -2/42 (47) HPs)
             Began as a Minotaur Fighter on May 31, 2022.
             Was a Follower of Uskayaw.
             Slain by a wight
             ... wielding a +5 halberd of freezing
              (5 damage)
             ... on level 4 of the Dungeon.
             The game lasted 00:28:37 (2451 turns).

pakraka the Covered (Minotaur Fighter)              Turns: 2451, Time: 00:28:38

HP:   -2/42 (47)    AC: 10    Str: 22    XL:     5   Next: 96%
MP:   4/4           EV: 10    Int:  5    God:    Uskayaw [*.....]
Gold: 141           SH:  4    Dex: 10    Spells: 4/4 levels left

rFire   . . .      SeeInvis .   a - +1 war axe
rCold   . . .      Faith    .   c - +0 buckler
rNeg    . . .      Spirit   .   i - +4 ring mail {rPois}
rPois   +          Reflect  .   (helmet restricted)
rElec   .          Harm     .   e - scarf {+Inv}
rCorr   .          Rampage  .   (no gloves)
Will    .....                   (no boots)
Stlth   +.........              (no amulet)
HPRegen 0.14/turn               h - ring of flight
MPRegen 0.09/turn               (no ring)

@: mighty, flying, heavily drained
A: horns 2, retaliatory headbutt
a: Renounce Religion, Evoke Invisibility, Stomp


You were on level 4 of the Dungeon.
You worshipped Uskayaw.
Uskayaw was noncommittal.
You visited 1 branch of the dungeon, and saw 4 of its levels.

You collected 141 gold pieces.

Inventory:

Hand Weapons
 a - a +1 war axe (weapon)
Missiles
 u - a throwing net (quivered)
Armour
 b - a +0 scale mail
 c - a +0 buckler (worn)
 e - a scarf of invisibility (worn)
 i - a +4 ring mail of poison resistance (worn)
Jewellery
 h - a ring of flight (left hand)
Scrolls
 j - 2 scrolls of blinking {unknown}
 k - 4 scrolls of identify {unknown}
 l - a scroll of teleportation {unknown}
 n - a scroll of noise {unknown}
 o - a scroll of amnesia {unknown}
 p - a scroll of fog {unknown}
 q - a scroll of acquirement {unknown}
 r - a scroll of fear {unknown}
 s - a scroll of enchant weapon
 t - a scroll of poison {unknown}
Potions
 f - a potion of brilliance {unknown}
 g - a potion of curing
 m - a potion of mutation {unknown}
 v - a potion of heal wounds {unknown}
 w - a potion of degeneration {unknown}


   Skills:
 + Level 4.5 Fighting
 + Level 4.3 Axes
 + Level 4.9 Armour
 + Level 1.0 Dodging
 + Level 0.2 Stealth
 + Level 4.3 Shields
 * Level 2.2 Evocations


You had 4 spell levels left.
You didn't know any spells.
Your spell library contained the following spells:

 Spells                   Type           Power      Damage    Failure   Level
 Blink                    Tloc           0%         N/A       86%         2
 Sublimation of Blood     Necr           0%         N/A       86%         2
 Wereblood                Tmut           0%         N/A       86%         2
 Lesser Beckoning         Tloc           0%         N/A       97%         3
 Manifold Assault         Tloc           0%         N/A       100%        5
 Summon Hydra             Summ           0%         N/A       100%        7


Dungeon Overview and Level Annotations

Branches:
Dungeon (4/15)
 Temple: D:4-7

Altars:
Ru
Uskayaw
Wu Jian

Annotations:
D:3 Grinder, Sigmund


Innate Abilities, Weirdness & Mutations

You have a pair of horns on your head.
You reflexively headbutt those who attack you in melee.


Message History

Found a book of Cantrips.
The goblin shouts!
The wight hits you with a +3 mace.
The wight moves out of view.
Things that are here:
a +0 trident; a +0 robe You barely miss the wight.
A wight comes into view. It is wielding a +0 mace.
The wight hits you but does no damage. The wight hits you with a +3 mace.
You hit the wight.
The wight is moderately damaged.
The wight hits you with a +3 mace.
You feel drained.
You hit the wight but do no damage.
The wight is moderately damaged.
The wight hits you from afar with a +5 halberd of freezing!
The wight freezes you. You block the goblin's attack.
The wight hits you with a +3 mace!
You feel drained.
You are too injured to fight recklessly!
The wight attacks as you move away! The wight hits you with a +3 mace!
* * * LOW HITPOINT WARNING * * *
You can no longer pass through a line of other dancers.
Found a club.
It was a potion of curing.
You feel better.
You feel better. The wight closely misses you.
You feel better. The wight completely misses you.
Okay, then.
You feel very mighty all of a sudden. The wight barely misses you.
The goblin completely misses you. You block the wight's attack.
The goblin hits you with the +8 spear of the Bursting Gods {holy, *Rage Int+2 Dex+2}.
The wight hits you with a +3 mace!
You feel drained.
You slash the wight! You headbutt the wight.
The wight is almost destroyed.
You slash the goblin!
You kill the goblin!
You closely miss the wight. The wight hits you but does no damage.
The wight barely misses you.
The wight hits you with a +5 halberd of freezing!
* * * LOW HITPOINT WARNING * * *
The wight freezes you.
You die...

##### ##...## #.....#
#.....# #....# #
####### ##@...#
..##.....## #zzz..#
.......<..# #.....#
.........######.###.#
..##.<...##...#.....#..
.#####'###............
...............#.......
............$..#.......
...........)...#.......


You could see 3 wights.

Vanquished Creatures
  A wight (D:4)
  A hound (D:2)
  Jessica (D:3)
  Terence (D:2)
  4 adders (D:2)
  3 gnolls (D:3)
  4 worms
  A dart slug (D:3)
  6 endoplasms
  2 giant cockroaches (D:1)
  5 goblins
  3 hobgoblins
  5 quokkas
  3 ball pythons
  8 bats
  5 kobolds
  4 rats (D:2)
57 creatures vanquished.

Notes
Turn   | Place    | Note
-------+----------+-------------------------------------------
     0 | D:1      | pakraka the Minotaur Fighter began the quest for the Orb.
     0 | D:1      | Reached XP level 1. HP: 19/19 MP: 0/0
   580 | D:1      | Reached XP level 2. HP: 23/27 MP: 1/1
  1058 | D:2      | Noticed Terence
  1107 | D:2      | Killed Terence
  1108 | D:2      | Reached skill level 1 in Evocations
  1108 | D:2      | Reached XP level 3. HP: 14/33 MP: 2/2
  1303 | D:2      | Reached XP level 4. HP: 39/40 MP: 3/3
  1344 | D:2      | Found a sacrificial altar of Ru.
  1847 | D:2      | Reached XP level 5. HP: 21/47 MP: 4/4
  2108 | D:3      | Noticed Grinder
  2108 | D:3      | Paralysed by Grinder for 4 turns
  2214 | D:3      | Found a hide-covered altar of Uskayaw.
  2237 | D:3      | Became a worshipper of Uskayaw the Reveller
  2298 | D:3      | Noticed Jessica
  2302 | D:3      | Killed Jessica
  2302 | D:3      | Reached * piety under Uskayaw
  2310 | D:3      | Found an ornate altar of the Wu Jian Council.
  2375 | D:3      | Noticed Sigmund
  2427 | D:4      | Reached ** piety under Uskayaw
  2428 | D:4      | Identified the +8 spear of the Bursting Gods {holy, *Rage
                  | Int+2 Dex+2}
  2429 | D:4      | Reached skill level 1 in Dodging
  2451 | D:4      | Slain by a wight

Illustrated notes

Levels and vault maps discovered:
D:1:      dpeg_arrival_rooms_b, layout_basic, minmay_pentomino_v4
D:2:      layout_rooms, basic_altar, minmay_vboxes, uniq_terence
D:3:      layout_basic, lemuel_round_altar, nicolae_wu_jian_wuxing_cycle,
          kiku_gazebo_pond_becter, hellmonk_ecumenical_altar_leap_of_faith,
          chequers_serial_rivers_small_3, uniq_sigmund, uniq_grinder,
          uniq_jessica
D:4:      layout_gridville, mainiacjoe_overflow_alcove_1,
          mainiacjoe_overflow_alcove_4, nicolae_vehumet_altar_sigil

Skill      XL: |  1  2  3  4  5 |
---------------+----------------+-----
Fighting       | 4 |  4.5
Armour         | 4 |  4.9
Evocations     | 1 2 |  2.2
Axes           | 3 4 |  4.3
Shields        | 4 |  4.3
Dodging        | 1 |  1.0
Stealth        | |  0.2

Action                   |  1- 3 |  4- 6 || total
-------------------------+-------+-------++-------
Melee: War axe           |    60 |    58 ||   118
       Headbutt          |     7 |     8 ||    15
  Use: Scroll            |     2 |       ||     2
       Potion            |       |     4 ||     4
Armor: Scale mail        |    32 |       ||    32
       Ring mail         |       |    32 ||    32
Dodge: Dodged            |    33 |    37 ||    70
Block: Buckler           |    20 |     9 ||    29

Table legend: (Time is in decaauts)
 A = Elapsed time spent in this place.
 B = Non-inter-level travel time spent in this place.
 C = Inter-level travel time spent in this place.
 D = Time resting spent in this place.
 E = Time spent auto-exploring this place.
 F = Levels seen in this place.
 G = Mean time per level.
                   A        B        C        D        E       F      G
               +--------+--------+--------+--------+--------+-----+--------+
         Total |   2496 |   2437 |     59 |    382 |   1148 |   4 |  624.0 |
       Dungeon |   2496 |   2437 |     59 |    382 |   1148 |   4 |  624.0 |
               +--------+--------+--------+--------+--------+-----+--------+

Top non-repeatable levels by time:
     D:2: 1124 daAuts
     D:1: 991 daAuts
     D:3: 340 daAuts
     D:4: 40 daAuts
